 Dungeon Crawl Stone Soup version 0.21.1-1-g345015f (webtiles) character file.

84 shakethe the Firebug (level 4, 0/24 HPs)
             Began as a Tengu Fire Elementalist on Feb 9, 2018.
             Slain by an orc
             ... wielding a +0 hand axe
              (5 damage)
             ... on level 3 of the Dungeon.
             The game lasted 00:06:47 (2187 turns).

shakethe the Firebug (Tengu Fire Elementalist)      Turns: 2187, Time: 00:06:48

Health: 0/24       AC:  3    Str:  9    XL:     4   Next: 46%
Magic:  2/8        EV: 13    Int: 16    God:
Gold:   82         SH:  0    Dex: 14    Spells: 2/7 levels left

rFire    . . .     SeeInvis .   n - +2 dagger (protect)
rCold    . . .     Gourm    .   (no shield)
rNeg     . . .     Faith    .   a - +0 robe
rPois    .         Spirit   .   (helmet restricted)
rElec    .         Reflect  .   g - +0 cloak
rCorr    .         Harm     .   (no gloves)
MR       .....                  (boots unavailable)
Stlth    ++........             (no amulet)
HPRegen  0.08/turn              (no ring)
MPRegen  0.11/turn              (no ring)

@: no status effects
A: beak, talons 3
a: no special abilities


You were on level 3 of the Dungeon.
You were not hungry.

You visited 1 branch of the dungeon, and saw 3 of its levels.

You collected 82 gold pieces.

Inventory:

Hand Weapons
 i - a +1 dagger of holy wrath
   (You found it on level 1 of the Dungeon)
 n - a +2 dagger of protection (weapon)
   (You found it on level 2 of the Dungeon)
Armour
 a - a +0 robe (worn)
 g - a +0 cloak (worn)
   (You found it on level 1 of the Dungeon)
Scrolls
 e - a scroll of enchant weapon {unknown}
 f - a scroll of identify {unknown}
 k - a scroll of random uselessness {unknown}
 m - a scroll of remove curse {unknown}
 o - a scroll of blinking {unknown}
 q - a scroll of enchant armour {unknown}
 r - a scroll of fear {unknown}
 u - a scroll of amnesia {unknown}
Potions
 d - a potion of invisibility {unknown}
 h - 2 potions of brilliance {unknown}
 j - 3 potions of curing {unknown}
 l - 2 potions of agility {unknown}
 p - 2 potions of flight {unknown}
Books
 b - a book of Flames
 s - a book of the Sky
   (You found it on level 2 of the Dungeon)
Comestibles
 c - 2 rations
 t - 2 chunks of flesh {@w0}


   Skills:
 - Level 3.2 Dodging
 - Level 2.0 Stealth
 - Level 2.0 Spellcasting
 + Level 3.4 Conjurations
 + Level 4.2 Fire Magic


You had 2 spell levels left.
You knew the following spells:

 Your Spells              Type           Power        Failure   Level  Hunger
a - Flame Tongue          Conj/Fire      ##...        4%          1    #......
s - Sticky Flame          Conj/Fire      ##......     38%         4    #####..


Dungeon Overview and Level Annotations

Branches:
Dungeon (3/15)

Altars:


Innate Abilities, Weirdness & Mutations

You have a beak for a mouth.
You have claws for feet.


Message History

The orc hits you but does no damage. The orc barely misses you.
You climb upwards.
There is a stone staircase leading down here.
The orc completely misses you. The orc barely misses you.
Aim: an orc, wielding a short sword The flame tongue hits the orc.
You kill the orc!
You now have 1/8 mp.
Aim: an orc, wielding a whip and wearing a scale mail (moderately wounded)
The flame tongue misses the orc.
The orc misses you.
You now have 0/8 mp.
You don't have enough magic to cast that spell.
The orc misses you. The orc closely misses you.
All of the chunks of flesh in your inventory have rotted away.
Aim: an orc, wielding a whip and wearing a scale mail (moderately wounded)
The flame tongue hits the orc.
You kill the orc!
You now have 0/8 mp.
Things that are here:
a whip; a scale mail You see here a short sword.
You see here a short sword.
Things that are here:
a whip; a scale mail
Things that are here:
a whip; a scale mail You see here a short sword.
You are feeling very hungry.
There is a stone staircase leading down here.
You climb downwards.
The leopard gecko misses you. The leopard gecko barely misses you.
There is a stone staircase leading up here.
Aim: a leopard gecko (clinging)
The flame tongue hits the leopard gecko.
The leopard gecko misses you.
You now have 6/8 mp.
You miss the leopard gecko. Your peck misses the leopard gecko.
The leopard gecko barely misses you.
Aim: a leopard gecko (moderately wounded, clinging)
The flame tongue hits the leopard gecko.
You kill the leopard gecko!
You now have 5/8 mp.
Things that are here:
a whip of draining; an orc corpse You see here an orc corpse.
You butcher the orc corpse.
t - 3 chunks of flesh {@w0} You see here an orc skeleton.
Eating one of 3 chunks of flesh {@w0}.
You eat one of the 3 chunks of flesh {@w0}.
Okay, then.
Things that are here:
a whip of draining; an orc corpse
There is a stone staircase leading up here.
An orc priest comes into view.
MP restored: 8 The orc priest shouts!
You hear a shout!
You hear an angry hiss.
You hear a shout!
An orc comes into view. It is wielding a hand axe.
An orc comes into view. It is wielding a hand axe.
The orc priest calls down the wrath of Beogh upon you.
Pain shoots through your body!
Unknown command.
You take 4 damage, and have 20/24 hp.
Unknown command.
Okay, then.
A bat comes into view.
Aim: an orc priest, wearing a leather armour The flame tongue hits the orc.
You kill the orc!
You now have 7/8 mp.
Aim: an orc priest, wearing a leather armour The flame tongue hits the orc priest.
The orc priest appears unharmed.
The bat hits you but does no damage.
The orc priest hits you but does no damage.
The bat hits you but does no damage.
You now have 6/8 mp.
Aim: an orc priest, wearing a leather armour The flame tongue hits the orc priest.
The bat hits you but does no damage.
The orc priest mumbles some strange prayers to Beogh against you.
Pain shoots through your body!
You take 2 damage, and have 19/24 hp.
You now have 5/8 mp.
Aim: an orc priest, wearing a leather armour (moderately wounded)
The flame tongue misses the orc priest.
The orc priest casts a cantrip, but nothing happens.
The orc closely misses you.
You now have 4/8 mp.
Aim: an orc priest, wearing a leather armour (moderately wounded)
The flame tongue misses the orc priest.
The orc priest barely misses you. The orc hits you but does no damage.
You now have 3/8 mp.
Aim: an orc priest, wearing a leather armour (moderately wounded)
The flame tongue hits the orc priest.
The orc priest mumbles some strange prayers to Beogh against you.
Beogh smites you!
Ouch! That really hurt!
* * * LOW HITPOINT WARNING * * *
The orc hits you with a hand axe.
You die...

#...###.<.)รท.......
#...###...##.######
######...##.#.#.#...
..[......###...##.###
.........# ##.....#
#...####.#.###
#..........#
#..#####.### #.@# ###
#.oob# #..#.# #....#
#%.. # ##... .#.. .
..#


You could see an orc priest, an orc and a bat.

Vanquished Creatures
  2 adders (D:2)
  A worm (D:2)
  2 dart slugs (D:1)
  3 leopard geckos
  6 orcs
  6 goblins
  3 hobgoblins
  4 jackals (D:2)
  4 kobolds
  9 bats
  8 frilled lizards
  5 rats
53 creatures vanquished.

Notes
Turn   | Place    | Note
-------+----------+-------------------------------------------
     0 | D:1      | shakethe the Tengu Fire Elementalist began the quest for the Orb.
     0 | D:1      | Reached XP level 1. HP: 10/10 MP: 4/4
   262 | D:1      | Reached XP level 2. HP: 15/15 MP: 1/6
   364 | D:1      | Reached skill level 2 in Conjurations
   990 | D:2      | Found a faded altar of an unknown god.
  1018 | D:2      | Reached XP level 3. HP: 19/19 MP: 5/7
  1193 | D:2      | Reached skill level 3 in Dodging
  1472 | D:2      | Reached skill level 4 in Fire Magic
  1488 | D:2      | Reached skill level 3 in Conjurations
  1488 | D:2      | Reached XP level 4. HP: 24/24 MP: 0/8
  1776 | D:2      | Learned a level 4 spell: Sticky Flame
  2187 | D:3      | HP: 5/24 [orc priest/divine providence (14)]
  2187 | D:3      | Slain by an orc

Skill      XL: |  1  2  3 |
---------------+----------+-----
Conjurations   | 2 3 |  3.4
Dodging        | 3 |  3.2
Fire Magic     | 4 |  4.2
Stealth        | |  2.0
Spellcasting   | |  2.0

Action                   |  1- 3 |  4- 6 || total
-------------------------+-------+-------++-------
Melee: Short sword       |     2 |       ||     2
       Peck              |     1 |     3 ||     4
       Dagger            |     3 |    10 ||    13
 Cast: Flame Tongue      |    52 |    30 ||    82
  Eat: Chunk             |     2 |     3 ||     5
Armor: Robe              |     5 |     7 ||    12
Dodge: Dodged            |    17 |    23 ||    40

Vault maps used:
D:1:      dpeg_chamrin_arrival_tetris
D:2:      chequers_ecumenical_altar_simple_redux
D:3:      minmay_diamond_boxcup, first_ration

Table legend:
 A = Turns spent in this place as a percentage of turns spent in the entire game.
 B = Non-inter-level travel turns spent in this place as a percentage of non-inter-level travel turns spent in the entire game.
 C = Inter-level travel turns spent in this place as a percentage of turns spent in this place.
 D = Turns resting spent in this place as a percentage of non-inter-level travel turns spent in this place.
 E = Turns spent auto-exploring this place as a percentage of non-inter-level travel turns spent in this place.
 F = Non-inter-level travel turns spent in this place divided by the number of levels of this place that you've seen.
                   A       B       C       D       E      F
               +-------+-------+-------+-------+-------+----------------------
         Total | 100.0 | 100.0 |   5.4 |  14.5 |  54.3 | 689.7
       Dungeon | 100.0 | 100.0 |   5.4 |  14.5 |  54.3 | 689.7
               +-------+-------+-------+-------+-------+----------------------

Table legend:
 A = Kills in this place as a percentage of kills in entire the game.
 B = Kills by you in this place as a percentage of kills by you in the entire game.
 C = Kills by friends in this place as a percentage of kills by friends in the entire game.
 D = Other kills in this place as a percentage of other kills in the entire game.
 E = Experience gained in this place as a percentage of experience gained in the entire game.
 F = Experience gained in this place divided by the number of levels of this place that you have seen.
                   A       B       C       D       E      F
               +-------+-------+-------+-------+-------+----------------------
         Total | 100.0 | 100.0 |   N/A |   N/A | 100.0 |  40.3
       Dungeon | 100.0 | 100.0 |   N/A |   N/A | 100.0 |  40.3
               +-------+-------+-------+-------+-------+----------------------
